 Dungeon Crawl Stone Soup version 0.14-a0-1613-gd720e3e (webtiles) character file.

7121 M4edhros the Unseen (level 11, -3/67 HPs)
             Began as an Octopode Wanderer on Dec 24, 2013.
             Was a Priest of Fedhas.
             Slain by a spider (8 damage)
             ... on Level 10 of the Dungeon on Dec 25, 2013.
             The game lasted 00:20:22 (10669 turns).

M4edhros the Unseen (Octopode Wanderer)            Turns: 10669, Time: 00:20:22

HP  -3/67        AC  1     Str 11      XL: 11   Next:  5%
MP  23/25        EV 10     Int 15      God: Fedhas [***...]
Gold 300         SH 20     Dex 15      Spells:  1 memorised, 11 levels left

rFire  + . .     SeeInvis .     b - +0 short sword
rCold  . . .     Clarity  .     i - +0 elf shield
rNeg   . . .     Conserve .     (helmet restricted)
rPois  +         rCorr    .     o - amulet of faith
rElec  .         rRot     .     f - ring of protection from fire
SustAb . .       Spirit   .     u - cursed ring of poison resistance
rMut   .         Warding  .     n - ring of protection from magic
Saprov . . .     RndTele  +     (no ring)
                                (no ring)
                                (no ring)
                                (no ring)
                                (no ring)

@: studying Maces & Flails, quite resistant to hostile enchantments,
extraordinarily stealthy
A: almost no armour, amphibious, 8 rings, constrict 8, spike 1, camouflage 1,
high mp 1, teleportitis 1, gelatinous body 1
a: Evolution, Sunlight, Growth, Renounce Religion


You were on level 10 of the Dungeon.
You worshipped Fedhas.
Fedhas was most pleased with you.
You were not hungry.

You visited 1 branch of the dungeon, and saw 10 of its levels.

You collected 396 gold pieces.
You spent 96 gold pieces at shops.

Inventory:

Hand weapons
 b - a +0,+0 short sword (weapon)
Armour
 i - a +0 elven shield (worn)
Magical devices
 a - a wand of slowing (11)
 m - a wand of slowing (7)
 t - a wand of fire (4)
 w - a wand of digging (10)
 L - a wand of lightning (2)
 N - a wand of random effects (8)
Comestibles
 d - 9 bread rations
 j - 4 chokos
 k - 6 pears
 r - an orange
 s - 2 apricots
 v - 2 apples
 z - 2 cheeses
 C - 2 meat rations
 E - a royal jelly
 G - a slice of pizza
Scrolls
 c - 3 scrolls of remove curse
 e - a scroll of enchant armour
 g - a scroll of random uselessness
 h - 3 scrolls of teleportation
 l - a scroll of curse weapon
 q - 2 scrolls of recharging
 y - 8 scrolls of identify
 B - a scroll of summoning
 F - a scroll of immolation
 K - 3 scrolls of fear
Jewellery
 f - a ring of protection from fire (left tentacle)
 n - a ring of protection from magic (on tentacle)
 o - an amulet of faith (around mantle)
 u - a cursed ring of poison resistance (right tentacle)
 x - an uncursed amulet of conservation
Potions
 p - 2 potions of restore abilities
 A - 4 potions of curing
Books
 D - a book of Beasts

   Spells                             Type                      Level
   Summon Butterflies                 Summoning                    1
   Sticks to Snakes                   Transmutation                2
   Call Canine Familiar               Summoning                    3
   Ice Form                           Ice/Transmutation            4
   Summon Ice Beast                   Ice/Summoning                4
   Summon Hydra                       Summoning                    7
 H - a book of Minor Magic

   Spells                             Type                      Level
   Magic Dart                         Conjuration                  1
   Blink                              Translocation                2
   Call Imp                           Summoning                    2
   Repel Missiles                     Charms/Air                   2
   Slow                               Hexes                        2
   Conjure Flame                      Conjuration/Fire             3
   Mephitic Cloud                     Conjuration/Poison/Air       3
 I - a book of the Dragon

   Spells                             Type                      Level
   Flight                             Charms/Air                   3
   Cause Fear                         Hexes                        4
   Bolt of Fire                       Conjuration/Fire             6
   Dragon Form                        Transmutation                7
   Summon Dragon                      Summoning                    9
 J - a manual of Maces & Flails
Magical staves
 M - an uncursed staff of poison


   Skills:
 - Level 3.0 Fighting
 - Level 3.2 Short Blades
   Level 1.0 Polearms
 - Level 1.0 Dodging
 + Level 16.3 Stealth
 + Level 7.1 Shields
 - Level 1.0 Spellcasting
   Level 1.0 Summonings
   Level 1.0 Fire Magic
 * Level 8.1 Invocations
 - Level 1.1 Evocations


You had 11 spell levels left.
You knew the following spells:

 Your Spells              Type           Power        Failure   Level  Hunger
a - Apportation           Tloc           #.........   54%         1    ##.....


Dungeon Overview and Level Annotations

Branches:
Dungeon (10/16)            Temple (0/1) D:7            Lair (0/8) D:10
    Orc: D:9-12

Altars:
Cheibriados
Fedhas
Okawaru
Trog
Zin

Shops:
D:6 =*

Annotations:
D:10 Harold


Innate Abilities, Weirdness & Mutations

You cannot wear most types of armour.
You are amphibious.
You can wear up to eight rings at the same time.
You can use your tentacles to constrict many enemies at once.
Your skin changes colour to match your surroundings (Stlth).
Your rubbery body absorbs attacks (AC +1).
One of your tentacles bears a spike.
You have an increased reservoir of magic (+10% MP).
Space occasionally distorts in your vicinity.


Message History

Fedhas is most pleased with you. The spider bites you.
* * * LOW HITPOINT WARNING * * *
The spider bites you!
* * * LOW HITPOINT WARNING * * *
You block the spider's attack. The spider closely misses you.
You block the spider's attack. The spider misses you.
The spider barely misses you.
Use which ability? (? or * to list) Select plant or fungus to evolve.
Press: ? - help, Dir - move target cursor, f - toadstool
Aim: a toadstool (peaceful)
The floor.
The toadstool can now pick up its mycelia and move.
Your piety has decreased.
The spider bites you!
* * * LOW HITPOINT WARNING * * *
The spider bites your wandering mushroom!
The spider bites you!
You die...
Fedhas appreciates your contribution to the ecosystem.

#.# #.# #.#
########.#####
#............#
#.........##.#
#)........##@########
#.........##.........
#...@s...############
####fss..# .. #.s...#
.... #.....####.....
##.#...........
#.#...........
#s#...........#
#.#......###
#........#


You could see 5 spiders and a friendly wandering mushroom.

Vanquished Creatures
  A vampire mage (D:9)
  An unseen horror (D:10)
  A hill giant (D:10)
  Maurice (D:10)
  Psyche (D:9)
  Grinder (D:3)
  A spriggan (D:7)
  2 hippogriffs
  Edmund (D:4)
  A necrophage (D:9)
  2 ice beasts
  A phantom (D:9)
  A yellow wasp (D:9)
  A sky beast (D:9)
  A black bear (D:9)
  An ogre (D:7)
  2 centaurs
  Sigmund (D:2)
  2 giant frogs
  A gnoll sergeant (D:10)
  3 killer bees (D:7)
  2 crimson imps
  A jelly (D:7)
  5 hounds
  2 spiders (D:10)
  2 giant frog skeletons
  3 orc priests
  A quasit (D:10)
  4 iguanas
  A scorpion (D:6)
  5 worker ants
  An ogre skeleton (D:6)
  Terence (D:2)
  2 hound skeletons
  10 adders
  8 gnolls
  3 giant mites
  2 worms
  An adder skeleton (D:5)
  8 giant geckos
  13 orcs
  3 ball pythons
  19 bats
  6 giant cockroaches
  19 hobgoblins
  10 jackals
  14 kobolds
  A quokka (D:7)
  A giant gecko skeleton (D:4)
  10 giant newts
  8 goblins
  An orc skeleton (D:7)
  A quokka skeleton (D:7)
  10 rats
205 creatures vanquished.

Vanquished Creatures (collateral kills)
  A hill giant (D:10)
  2 trolls (D:9)
  Prince Ribbit (D:5)
  A wandering mushroom (D:5)
  A wyvern (D:9)
  A sky beast (D:5)
  A hungry ghost (D:7)
  A manticore (D:8)
  3 phantoms
  3 ogres
  Duvessa (D:5)
  A big kobold (D:9)
  A gnoll sergeant (D:10)
  2 killer bees (D:7)
  A hound (D:5)
  Dowan (D:5)
  A jelly (D:8)
  An orc priest (D:5)
  3 gnolls (D:10)
  6 orcs
  A bat (D:5)
  3 kobolds
  A giant gecko (D:10)
38 creatures vanquished.

Vanquished Creatures (others)
  A giant frog (D:6)
  A giant spore (D:6)
  10 wandering mushrooms
  101 toadstools
113 creatures vanquished.

Grand Total: 356 creatures vanquished

Notes
Turn   | Place    | Note
--------------------------------------------------------------
     0 | D:1      | M4edhros, the Octopode Wanderer, began the quest for the Orb.
     0 | D:1      | Reached XP level 1. HP: 16/16 MP: 3/3
   101 | D:1      | Reached skill level 1 in Short Blades
   124 | D:1      | Reached XP level 2. HP: 9/21 MP: 4/4
   542 | D:1      | Reached XP level 3. HP: 11/26 MP: 5/5
   786 | D:1      | Gained mutation: You possess an exceptional clarity of mind. [potion of beneficial mutation]
  1038 | D:2      | Lost mutation: You possess an exceptional clarity of mind. [potion of cure mutation]
  1329 | D:2      | Reached skill level 4 in Stealth
  1356 | D:2      | Reached XP level 4. HP: 28/31 MP: 6/6
  1401 | D:2      | Noticed Sigmund
  1405 | D:2      | Killed Sigmund
  1405 | D:2      | Reached skill level 5 in Stealth
  1405 | D:2      | Reached XP level 5. HP: 27/36 MP: 8/8
  1943 | D:2      | Noticed Terence
  1945 | D:2      | Killed Terence
  1945 | D:2      | Reached skill level 6 in Stealth
  2231 | D:3      | Found a blossoming altar of Fedhas.
  2447 | D:3      | Became a worshipper of Fedhas Madash
  2501 | D:3      | Noticed Grinder
  2509 | D:3      | Killed Grinder
  2509 | D:3      | Reached skill level 8 in Stealth
  2509 | D:3      | Reached XP level 6. HP: 22/42 MP: 9/9
  2509 | D:3      | Reached XP level 7. HP: 24/46 MP: 10/10
  3024 | D:4      | Reached skill level 9 in Stealth
  3027 | D:4      | Noticed Edmund
  3053 | D:4      | Killed Edmund
  3171 | D:4      | Reached skill level 10 in Stealth
  3254 | D:4      | Acquired Fedhas' first power
  3393 | D:5      | Entered Level 5 of the Dungeon
  3494 | D:5      | Noticed Duvessa
  3495 | D:5      | Noticed Dowan
  3863 | D:5      | Found a glowing silver altar of Zin.
  3863 | D:5      | Found a snail-covered altar of Cheibriados.
  4285 | D:5      | Reached skill level 11 in Stealth
  4298 | D:5      | Noticed Prince Ribbit
  4442 | D:5      | Killed Prince Ribbit
  4442 | D:5      | Reached XP level 8. HP: 4/52 MP: 8/11
  4739 | D:5      | Reached skill level 12 in Stealth
  4873 | D:5      | Killed Duvessa
  4885 | D:5      | Killed Dowan
  5036 | D:5      | Reached skill level 1 in Shields
  5124 | D:5      | Acquired Fedhas' second power
  5284 | D:6      | Found Zaehu's Jewellery Shop.
  5304 | D:6      | Found an iron altar of Okawaru.
  5313 | D:6      | Reached skill level 13 in Stealth
  5347 | D:6      | Found Zuonoko's Assorted Antiques.
  5356 | D:6      | Bought a white potion for 32 gold pieces
  5356 | D:6      | Bought a black potion for 32 gold pieces
  5356 | D:6      | Bought a glowing red potion for 32 gold pieces
  5364 | D:6      | Gained mutation: Space occasionally distorts in your vicinity. [potion of mutation]
  5364 | D:6      | Gained mutation: You have an increased reservoir of magic (+10% MP). [potion of mutation]
  5364 | D:6      | Gained mutation: One of your tentacles bears a spike. [potion of mutation]
  6005 | D:7      | Reached XP level 9. HP: 56/56 MP: 13/13
  6178 | D:7      | Found a bloodstained altar of Trog.
  6356 | D:7      | Noticed a spriggan baker
  6358 | D:7      | Killed a spriggan baker
  6358 | D:7      | Reached skill level 14 in Stealth
  6386 | D:7      | Found a staircase to the Ecumenical Temple.
  7491 | D:8      | Acquired Fedhas' third power
  8258 | D:9      | Reached skill level 15 in Stealth
  8282 | D:9      | Reached skill level 1 in Invocations
  8464 | D:9      | Reached skill level 5 in Shields
  8666 | D:9      | Noticed a vampire mage
  8674 | D:9      | Killed a vampire mage
  8674 | D:9      | Reached XP level 10. HP: 59/63 MP: 14/19
  8994 | D:9      | Reached skill level 5 in Invocations
  9201 | D:9      | HP: 1/63 [wyvern (12)]
  9435 | D:9      | Noticed Psyche
  9440 | D:9      | Killed Psyche
  9708 | D:10     | Entered Level 10 of the Dungeon
  9733 | D:10     | Noticed a hill giant
  9744 | D:10     | Killed a hill giant
  9923 | D:10     | Noticed Harold
  9987 | D:10     | Reached skill level 16 in Stealth
 10197 | D:10     | Noticed an unseen horror
 10200 | D:10     | Killed an unseen horror
 10323 | D:10     | Found a staircase to the Lair.
 10326 | D:10     | Noticed a hill giant
 10343 | D:10     | Killed a hill giant
 10627 | D:10     | Noticed Maurice
 10637 | D:10     | Killed Maurice
 10637 | D:10     | Reached XP level 11. HP: 46/67 MP: 23/25
 10669 | D:10     | Slain by a spider

Action                   |  1- 3 |  4- 6 |  7- 9 | 10-12 || total
-------------------------+-------+-------+-------+-------++-------
Melee: Dagger            |    88 |    13 |       |       ||   101
       Short sword       |    19 |    67 |   256 |    87 ||   429
Invok: Evolution         |       |       |    10 |     2 ||    12
       Sunlight          |       |       |     3 |     5 ||     8
Evoke: Wand              |       |       |     5 |     8 ||    13
  Use: Potion            |     7 |     1 |    11 |     1 ||    20
       Scroll            |     4 |     1 |    13 |       ||    18
 Stab: Sleeping          |     7 |    10 |    31 |    20 ||    68
       Distracted        |       |       |     1 |     1 ||     2
       Confused          |       |       |       |     4 ||     4
